 Dungeon Crawl Stone Soup version 0.29-a0-789-g7a8fcbc185 (webtiles) character file.

Game seed: 3626548633445359944

501 HoaS the Shooter (level 7, -1/40 HPs)
             Began as a Gargoyle Hunter on July 2, 2022.
             Was a Follower of Cheibriados.
             Slain by an orc wizard
             ... wielding a +0 dagger
              (2 damage)
             ... on level 4 of the Dungeon.
             The game lasted 00:07:06 (3235 turns).

HoaS the Shooter (Gargoyle Hunter)                  Turns: 3235, Time: 00:07:06

Health: -1/40      AC:  7    Str: 16    XL:     7   Next: 17%
Magic:  9/9        EV: 12    Int: 12    God:    Cheibriados [*.....]
Gold:   110        SH:  0    Dex: 17    Spells: 6/6 levels left

rFire   . . .      SeeInvis .   a - +1 shortbow
rCold   . . .      Faith    .   (shield currently unavailable)
rNeg    + . .      Spirit   .   c - +0 leather armour
rPois   ∞          Reflect  .   (no helmet)
rElec   +          Harm     .   (no cloak)
rCorr   .          Rampage  .   (no gloves)
Will    .....                   (no boots)
Stlth   ++........              (no amulet)
HPRegen 0.13/turn               (no ring)
MPRegen 0.11/turn               (no ring)

@: hasted, quick
A: sickness immunity, AC +4, negative energy resistance 1, electricity
resistance, torment resistance 1, petrification resistance
a: Renounce Religion, Bend Time


You were on level 4 of the Dungeon.
You worshipped Cheibriados.
Cheibriados was aware of your devotion.
You visited 1 branch of the dungeon, and saw 4 of its levels.

You collected 110 gold pieces.

Inventory:

Hand Weapons
 a - a +1 shortbow (weapon)
Missiles
 i - a throwing net
Armour
 c - a +0 leather armour (worn)
 e - a +0 ring mail
Wands
 g - a wand of flame (12)
Scrolls
 b - a scroll of immolation
 f - 2 scrolls of teleportation
 l - a scroll of identify


   Skills:
 - Level 2.1 Fighting
 * Level 7.8 Ranged Weapons
 - Level 1.5 Dodging
 - Level 1.1 Stealth
 - Level 3.0 Invocations


You had 6 spell levels left.
You didn't know any spells.
Your spell library contained the following spells:

 Spells                   Type           Power      Damage    Failure   Level
 Summon Forest            Summ/Tloc      0%         N/A       100%        5
 Eringya's Noxious Bog    Tmut/Pois      0%         N/A       100%        6
 Summon Hydra             Summ           0%         N/A       100%        7


Dungeon Overview and Level Annotations

Branches:
Dungeon (4/15)
 Temple: D:4-7

Altars:
Ashenzari
Cheibriados
Ru
Sif Muna


Innate Abilities, Weirdness & Mutations

You are immune to sickness and miasma.
Your stone body is resilient. (AC +4)
You are immune to poison.
You resist negative energy. (rN+)
You are resistant to electric shocks. (rElec)
You are resistant to unholy torment.
You are immune to petrification.


Message History

You are confused.
Okay, then.
Non-targeted confused fire: a) +1 shortbow
Press: ? - help, Q - select action, (/) - cycle Dir - look around, f - activate You shoot an arrow.
Something hits you.
Non-targeted confused fire: a) +1 shortbow
Press: ? - help, Q - select action, (/) - cycle Dir - look around, f - activate You shoot an arrow.
Something hits you.
* * * LOW HITPOINT WARNING * * *
Non-targeted confused fire: a) +1 shortbow
Press: ? - help, Q - select action, (/) - cycle Dir - look around, f - activate You shoot an arrow.
You hear some strange, mumbled words.
A magic dart appears from out of thin air!
The magic dart hits you.
* * * LOW HITPOINT WARNING * * *
Non-targeted confused fire: a) +1 shortbow
Press: ? - help, Q - select action, (/) - cycle Dir - look around, f - activate You shoot an arrow.
You hear some strange, mumbled words.
A puff of flame appears from out of thin air!
The puff of flame hits you.
* * * LOW HITPOINT WARNING * * *
It was a potion of flight.
You feel very buoyant.
You fly up into the air.
You hear some strange, mumbled words.
You are more confused.
It was a potion of cancellation.
Your magical effects are unravelling.
You feel magically purged.
You float gracefully downwards.
You flicker back into view.
You feel less confused. Something hits you.
* * * LOW HITPOINT WARNING * * *
It was a potion of haste.
You feel yourself speed up.
Cheibriados forgives your accidental hurry, just this once.
Something hits you.
You die...

#..............
##......########
#......## # ##....###
#....## # ##...## #
#..### # ##.## ## ...####
#{@# #. ....... # #)## #.
....... ..o.)...# #.
....... ......†## #### ##
....... ........#
####..###### # .......
.........##.<...<†...###
.......
......##...............##
....... ......
#.....>.........# .......
...... #......>.........


There were no monsters in sight!

Vanquished Creatures
  2 ogres (D:4)
  A scorpion (D:4)
  A jelly (D:4)
  An iron imp (D:3)
  Natasha (thrice) (D:3)
  5 adders
  2 worms (D:2)
  7 dart slugs
  6 orcs
  2 ball pythons
  10 bats
  5 endoplasms
  3 giant cockroaches
  12 goblins
  8 hobgoblins
  3 quokkas
  2 frilled lizards
  3 kobolds
  4 rats
80 creatures vanquished.

Notes
Turn   | Place    | Note
-------+----------+-------------------------------------------
     0 | D:1      | HoaS the Gargoyle Hunter began the quest for the Orb.
     0 | D:1      | Reached XP level 1. HP: 12/12 MP: 1/1
   350 | D:1      | Reached XP level 2. HP: 17/17 MP: 2/2
   792 | D:1      | Found a faded altar of an unknown god.
   879 | D:2      | Reached XP level 3. HP: 21/21 MP: 3/3
   889 | D:2      | Reached skill level 5 in Ranged Weapons
  1132 | D:2      | Reached XP level 4. HP: 24/26 MP: 4/4
  1941 | D:3      | Found a shimmering blue altar of Sif Muna.
  2036 | D:3      | Found a snail-covered altar of Cheibriados.
  2042 | D:3      | Reached skill level 6 in Ranged Weapons
  2042 | D:3      | Reached XP level 5. HP: 30/30 MP: 5/5
  2048 | D:3      | Became a worshipper of Cheibriados the Contemplative
  2259 | D:3      | Noticed Natasha
  2263 | D:3      | Killed Natasha
  2586 | D:3      | Noticed Natasha
  2599 | D:3      | Killed Natasha
  2600 | D:3      | Reached skill level 1 in Invocations
  2647 | D:3      | Noticed Natasha
  2652 | D:3      | Killed Natasha
  2694 | D:4      | Reached skill level 7 in Ranged Weapons
  2694 | D:4      | Reached XP level 6. HP: 28/35 MP: 7/7
  2817 | D:4      | Found a sacrificial altar of Ru.
  2924 | D:4      | Reached XP level 7. HP: 21/40 MP: 9/9
  3073 | D:4      | Found a broken altar of Ashenzari.
  3105 | D:4      | Reached * piety under Cheibriados
  3234 | D:4      | HP: 1/40 [something (2)]
  3235 | D:4      | Slain by an orc wizard

Illustrated notes

Levels and vault maps discovered:
D:1:      dpeg_arrival_simpleton_a, layout_basic,
          dreamdust_ecumenical_altar_angels_and_demons
D:2:      layout_loops_corners, nicolae_elevator_lobby_plus
D:3:      layout_loops_ring, mainiacjoe_overflow_alcove_1, slow_altar_2,
          kennysheep_generic_room_11, uniq_natasha
D:4:      layout_cave_pods, lemuel_tele_altar, ashenzari_altar_1, dk_vineyard_2

Skill      XL: |  1  2  3  4  5  6 |
---------------+-------------------+-----
Ranged Weapons | 5 6 7 |  7.8
Invocations    | 2 3 |  3.0
Fighting       | |  2.1
Dodging        | |  1.5
Stealth        | |  1.1

Action                   |  1- 3 |  4- 6 |  7- 9 || total
-------------------------+-------+-------+-------++-------
 Fire: Shortbow          |    90 |   155 |    25 ||   270
  Use: Scroll            |       |     9 |       ||     9
       Potion            |       |     2 |     4 ||     6
Armor: Leather armour    |    18 |    14 |     3 ||    35
Dodge: Dodged            |    37 |    33 |     6 ||    76

Table legend: (Time is in decaauts)
 A = Elapsed time spent in this place.
 B = Non-inter-level travel time spent in this place.
 C = Inter-level travel time spent in this place.
 D = Time resting spent in this place.
 E = Time spent auto-exploring this place.
 F = Levels seen in this place.
 G = Mean time per level.
                   A        B        C        D        E       F      G
               +--------+--------+--------+--------+--------+-----+--------+
         Total |   3568 |   3372 |    196 |    497 |   2357 |   4 |  892.0 |
       Dungeon |   3568 |   3372 |    196 |    497 |   2357 |   4 |  892.0 |
               +--------+--------+--------+--------+--------+-----+--------+

Top non-repeatable levels by time:
     D:3: 1025 daAuts
     D:2: 991 daAuts
     D:1: 889 daAuts
     D:4: 661 daAuts
